Map: Orbital Shipyard

Players

esdraelon - Winner!

  • Race: Zerg Zerg
  • League: Platinum

Javert

  • Race: Zerg Zerg
  • League: Platinum

VOD

Have the link to the VOD?

Description

Time

  • Played on: Aug. 20, 2015, 11:44 p.m.
  • Length: 8:05
Show
View Real Time Build Order
Export as new Build Order

esdraelon Zerg - Winner!

Build Orders: Pool First, Lurkers 

Get SALT Encoding   

  12  0:01  Drone  
  13  0:08  Drone  
  14  0:17  Extractor  
  14  0:18  Drone  
  15  0:35  Spawning Pool  
  15  0:41  Drone, Extractor  
  14  0:42  Extractor  
  14  0:43  Drone  
  14  0:47  Overlord  
  16  1:12  Hatchery, Drone  
  16  1:22  Zergling x2  
  16  1:25  Queen  
  19  1:31  Drone  
  20  1:35  Overlord  
  20  1:38  Drone  
  21  1:50  Extractor  
  20  1:56  Drone  
  20  2:00  Queen  
  23  2:12  Drone x2  
  24  2:28  Roach Warren  
  23  2:32  Zergling x4  
  23  2:33  Zergling x2  
  26  2:37  Queen  
  26  2:41  Drone x3  
  31  2:46  Overlord  
  31  3:08  Roach  
  31  3:09  Roach x3  
  39  3:16  Overlord  
  39  3:17  Overlord  
  39  3:19  Drone  
  40  3:22  Drone  
  40  3:24  Drone  
  43  3:27  Drone  
  40  3:42  Roach  
  40  3:43  Drone x2, Roach  
  40  3:44  Drone  
  40  3:47  Overlord  
  47  3:58  Drone x3  
  47  4:01  Lair  
  50  4:06  Extractor  
  49  4:10  Extractor  
  49  4:11  Drone  
  49  4:12  Drone x3  
  49  4:14  Drone  
  49  4:15  Drone  
  54  4:31  Evolution Chamber  
  53  4:32  Drone x3  
  53  4:33  Drone  
  53  4:34  Evolution Chamber  
  56  4:43  Drone  
  56  4:44  Drone x2  
  59  4:53  Drone x3  
  59  4:54  Overlord, Extractor  
  59  4:55  Overlord  
  61  5:01  Hydralisk Den  
  60  5:08  Drone  
  60  5:12  Metabolic Boost  
  61  5:19  Zergling x12  
  67  5:25  Zerg Ground Armor Level 1  
  67  5:29  Lurker Den  
  67  5:31  Hydralisk x2  
  71  5:39  Hydralisk  
  71  5:42  Overlord x3  
  73  5:49  Hydralisk  
  75  5:51  Zergling x4  
  75  5:54  Hydralisk  
  79  5:59  Hydralisk  
  79  6:02  Overlord  
  81  6:10  Overlord  
  81  6:11  Overseer  
  81  6:18  Zergling x6  
  84  6:21  Zergling x2  
  84  6:23  Zergling x4  
  87  6:42  Zergling x2  
  87  6:43  Zergling x6  
  91  7:00  Lurker x2  
  91  7:01  Lurker x4  
  96  7:02  Zergling x2  
  96  7:03  Zergling x10  
  103  7:21  Zergling x2  
  103  7:22  Zergling x12  
Show
View Real Time Build Order
Export as new Build Order

Javert Zerg 

Build Orders: Pool First, Lurkers 

Get SALT Encoding   

  12  0:01  Drone  
  13  0:14  Drone  
  14  0:28  Overlord  
  14  0:32  Extractor  
  14  0:34  Extractor  
  12  0:36  Drone x2  
  15  0:53  Drone x2, Spawning Pool  
  16  1:03  Drone  
  17  1:14  Drone  
  18  1:29  Hatchery  
  17  1:33  Overlord  
  17  1:40  Metabolic Boost  
  17  1:45  Drone  
  18  1:51  Zergling x2  
  19  1:56  Baneling Nest  
  19  1:58  Zergling x2  
  19  2:09  Queen  
  21  2:16  Drone  
  22  2:24  Drone  
  23  2:35  Drone  
  24  2:42  Queen  
  26  2:45  Drone x2  
  28  2:53  Zergling x4  
  29  3:07  Drone  
  29  3:08  Drone  
  31  3:14  Baneling  
  31  3:18  Drone  
  31  3:19  Drone x3  
  35  3:25  Overlord  
  35  3:39  Roach Warren, Drone x3, Extractor  
  36  3:46  Overlord x2  
  36  3:54  Lair  
  36  3:57  Drone x4  
  40  4:15  Evolution Chamber, Baneling x4  
  39  4:17  Drone x4  
  43  4:25  Drone x4  
  43  4:26  Drone x2  
  49  4:41  Drone x2  
  49  4:44  Zerg Missile Weapons Level 1  
  51  4:48  Overlord, Extractor  
  51  4:50  Extractor  
  49  4:56  Hydralisk Den  
  49  4:57  Drone x5  
  53  5:02  Queen  
  55  5:10  Drone  
  55  5:11  Drone x2, Lurker Den  
  58  5:16  Overseer  
  58  5:27  Hydralisk x4  
  66  5:30  Overlord x2  
  66  5:42  Hydralisk  
  68  5:51  Hydralisk x4  
  76  6:00  Hatchery  
  75  6:08  Drone x4  
  75  6:09  Drone x2  
  75  6:10  Evolution Chamber  
  80  6:21  Overlord x2  
  80  6:29  Overlord x2  
  80  6:38  Hatchery  
  80  6:39  Lurker x5  
  83  6:47  Zergling x2  
  83  6:48  Zergling x10  
  89  7:14  Drone  
  90  7:30  Overseer  
  90  7:31  Overseer  
  90  7:35  Extractor  
  89  7:40  Extractor  
Tags
 
Add a new tag
Caveats
  • Supply blocks, unpowered buildings, or Contaminate may cause inaccurate times.
  • Supply counts are checked every 10 seconds.